 Dungeon Crawl Stone Soup version 0.27-a0-668-gb5737ff2c0 (webtiles) character file.

Game seed: 1992663736984428817

59 robertstho the Vandal (level 4, -4/29 HPs)
             Began as a Halfling Hunter on Mar 17, 2021.
             Slain by a goblin
             ... wielding a +0 club
             ... led by Robin
              (6 damage)
             ... on level 2 of the Dungeon.
             The game lasted 00:02:19 (923 turns).

robertstho the Vandal (Halfling Hunter)              Turns: 923, Time: 00:02:19

Health: -4/29      AC: 11    Str: 14    XL:     4   Next: 22%
Magic:  4/4        EV:  8    Int:  9    God:
Gold:   11         SH:  0    Dex: 14    Spells: 3/3 levels left

rFire    . . .     SeeInvis .   a - +2 hunting sling
rCold    . . .     Faith    .   (shield restricted)
rNeg     . . .     Spirit   .   i - +0 chain mail
rPois    .         Reflect  .   (no helmet)
rElec    .         Harm     .   (no cloak)
rCorr    .         Rampage  .   (no gloves)
Will     .....                  f - +2 pair of boots
Stlth    ..........             (no amulet)
HPRegen  0.09/turn              (no ring)
MPRegen  0.09/turn              (no ring)

@: weak-willed
A: small, no large weapons, mutation resistance 1
a: no special abilities


You were on level 2 of the Dungeon.
You visited 1 branch of the dungeon, and saw 2 of its levels.

You collected 11 gold pieces.

Inventory:

Hand Weapons
 a - a +2 hunting sling (weapon)
 b - a +0 short sword
Missiles
 d - 7 sling bullets (quivered ammo)
 e - 49 stones
Armour
 c - a +0 leather armour
 f - a +2 pair of boots (worn)
 i - a +0 chain mail (worn)
Scrolls
 h - a scroll of identify
Potions
 l - a potion of magic


   Skills:
 * Level 2.1 Fighting
 * Level 7.5 Slings
 + Level 0.5 Armour
 + Level 2.2 Dodging
 + Level 1.1 Stealth


You had 3 spell levels left.
You didn't know any spells.
Your spell library was empty.

Dungeon Overview and Level Annotations

Branches:
Dungeon (2/15)

Altars:

Shops:
D:1 (   D:2 *

Annotations:
D:2 Robin


Innate Abilities, Weirdness & Mutations

You are small and have problems with some larger weapons.
You are somewhat resistant to further mutation.


Message History

You kill the jackal!
Unknown command.
Fire: 9 sling bullets
Press: ? - help, Q - select action, (/) - cycle Shift-Dir - straight line, f - jackal
Aim: a jackal (weak-willed, 58% to hit)
You shoot a sling bullet. The sling bullet hits the jackal!
You kill the jackal!
Robin throws the goblin at you!
Fire: 8 sling bullets
Press: ? - help, Q - select action, (/) - cycle Shift-Dir - straight line, f - goblin
Aim: a goblin, quivering stones (strong, weak-willed, 56% to hit)
You shoot a sling bullet. The sling bullet hits the goblin.
You kill the goblin!
The goblin hits you with a +0 club!
* * * LOW HITPOINT WARNING * * *
Okay, then.
Okay, then.
Items here: (( )) †.
Robin throws the goblin at you!
Really attack while wielding your +2 hunting sling?
Okay, then.
Fire: 7 sling bullets
Press: ? - help, Q - select action, (/) - cycle Shift-Dir - straight line, f - goblin
Aim: a goblin, wielding a +0 club (strong, weak-willed, 58% to hit)
You shoot a sling bullet. The sling bullet hits the goblin.
You kill the goblin!
The goblin completely misses you.
Robin flexes a bicep menacingly.
Things that are here:
a sling bullet; a +0 club; a goblin corpse
d - 7 sling bullets (gained 1)
The goblin barely misses you.
A frilled lizard comes into view.
The frilled lizard hisses angrily.
Found Caum's Assorted Antiques.
The goblin no longer looks unusually strong.
Robin roars a battlecry!
The goblin goes into a battle-frenzy!
The goblin hits you with a +0 club.
You die...

.. .#.. ...
......... ..
.∩...#..# #.#
.....#..######.#####
..........(........#
........l.........#
#..........(....#
#....Bg..g@.....#
#.#..######)#####
#...)gB.().)(<#
.......###.##)###(#
.####..# #.##(# #..#
#..# #.##.# #.h#
.... ......


.ggg ..... ...... g..gg .....###.##.###g.### You could see Robin (weak-willed),
a giant cockroach, a goblin (strong, weak-willed) and a frilled lizard.

Vanquished Creatures
  An ooze (D:1)
  A dart slug (D:1)
  4 bats (D:1)
  2 giant cockroaches (D:1)
  14 goblins
  8 hobgoblins (D:1)
  3 jackals (D:2)
  2 quokkas (D:1)
  A frilled lizard (D:1)
  3 kobolds (D:1)
  4 rats (D:1)
43 creatures vanquished.

Notes
Turn   | Place    | Note
-------+----------+-------------------------------------------
     0 | D:1      | robertstho the Halfling Hunter began the quest for the Orb.
     0 | D:1      | Reached XP level 1. HP: 14/14 MP: 1/1
    10 | D:1      | Found Zonas's Antique Weapon Shoppe.
    57 | D:1      | Reached skill level 6 in Slings
   103 | D:1      | Reached XP level 2. HP: 19/19 MP: 2/2
   519 | D:1      | Reached XP level 3. HP: 24/24 MP: 3/3
   587 | D:1      | Reached skill level 7 in Slings
   875 | D:2      | Noticed Robin
   892 | D:2      | Reached XP level 4. HP: 29/29 MP: 4/4
   910 | D:2      | HP: 1/29 [goblin/+0 club[Robin] (9)]
   916 | D:2      | Found Caum's Assorted Antiques.
   923 | D:2      | Slain by a goblin

Illustrated notes

Levels and vault maps discovered:
D:1:      matt_arrival_diagonals, layout_basic, serial_shops, shop,
          minmay_cupped
D:2:      layout_basic, nicolae_hepliaklqana_ecumenical_no_more, serial_shops,
          shop, okawaru_trees_2, uniq_robin

Skill      XL: |  1  2  3 |
---------------+----------+-----
Slings         | 6 7 |  7.5
Fighting       | 2 |  2.1
Armour         | |  0.5
Dodging        | |  2.2
Stealth        | |  1.1

Action                   |  1- 3 |  4- 6 || total
-------------------------+-------+-------++-------
 Fire: Hunting sling     |    91 |    13 ||   104
  Use: Scroll            |       |     4 ||     4
Armor: Chain mail        |    10 |    25 ||    35
Dodge: Dodged            |     7 |    22 ||    29

Table legend: (Time is in decaauts)
 A = Elapsed time spent in this place.
 B = Non-inter-level travel time spent in this place.
 C = Inter-level travel time spent in this place.
 D = Time resting spent in this place.
 E = Time spent auto-exploring this place.
 F = Levels seen in this place.
 G = Mean time per level.
                   A        B        C        D        E       F      G
               +--------+--------+--------+--------+--------+-----+--------+
         Total |    907 |    890 |     17 |      0 |    681 |   2 |  453.5 |
       Dungeon |    907 |    890 |     17 |      0 |    681 |   2 |  453.5 |
               +--------+--------+--------+--------+--------+-----+--------+

Top non-repeatable levels by time:
     D:1: 863 daAuts
     D:2: 43 daAuts
